AoeStats
← DarkFace835823

African Clearing

510326605Analyzed
2v2 RM · 2d ago on Sep 30, 2026· 50m 20s· 4 players
Game mode
Random Map
Map size
Medium (4 player)
Population
200
Speed
Normal
Resources
Standard
Victory
Conquest
Starting age
Dark Age
Ending age
Imperial Age
RankedLock teamsTeams togetherTeam positionsShared explorationLock speedFull tech treeHidden civsTurbo modeCheats
Victory
Defeat
🇫🇷 Franks · France
782
+8
🇫🇷 Khmer · France
760
+9
🇷🇺 Mongols · Russia
792
-15
🇪🇸 Byzantines · Spain
353
-2
Kukhs
17:39 Feudal Age
18:02 Horse Collar
20:27 Man-at-Arms
20:53 Arson
21:20 Scale Mail Armor
24:28 Castle Age
24:11 Fletching
24:22 Padded Archer Armor
24:30 Long Swordsman
25:11 Squires
24:56 Gambesons
25:30 Chain Mail Armor
27:04 Heavy Plow
33:20 Thumb Ring
37:46 Imperial Age
35:53 Bodkin Arrow
36:24 Leather Archer Armor
37:48 Two-Handed Swordsman
44:00 Chemistry
43:13 Fortified Wall
43:01 Murder Holes
45:35 Crop Rotation
sssrwmi
4:42 Loom
15:59 Feudal Age
17:23 Double-Bit Axe
26:32 Castle Age
27:29 Bow Saw
28:28 Man-at-Arms
28:30 Pikeman
29:13 Scale Mail Armor
29:24 Forging
31:26 Chain Mail Armor
32:20 Wheelbarrow
32:32 Horse Collar
36:24 Husbandry
36:34 Bloodlines
38:43 Squires
39:47 Hand Cart
39:18 Town Watch
41:02 Ballistics
42:12 Fletching
42:22 Padded Archer Armor
42:12 Arson
42:53 Bodkin Arrow
42:34 Light Cavalry
43:32 Thumb Ring
43:39 Bodkin Arrow
43:59 Leather Archer Armor
46:17 Imperial Age
43:58 Elite Skirmisher
45:58 Scale Barding Armor
46:29 Iron Casting
47:26 Drill
47:10 Onager
48:35 Bracer
50:43 Plate Mail Armor
D4RKCR3T1
14:11 Feudal Age
17:20 Double-Bit Axe
21:25 Castle Age
19:57 Loom
31:58 Bow Saw
31:53 Husbandry
32:09 Forging
32:04 Scale Barding Armor
32:51 Stone Mining
33:48 Treadmill Crane
34:04 Murder Holes
36:20 Gold Mining
38:18 Gold Shaft Mining
40:20 Imperial Age
37:19 Ordonnance Companies
38:06 Fletching
38:17 Padded Archer Armor
38:53 Iron Casting
40:02 Town Watch
40:52 Wheelbarrow
41:56 Chivalry
42:17 Conscription
42:43 Cranequins
42:43 Heavy Mounted Crossbowman
45:04 Leather Archer Armor
44:45 Bodkin Arrow
45:53 Blast Furnace
45:15 Chain Barding Armor
44:55 Cavalier
46:32 Elite Throwing Axeman
47:06 Paladin
48:44 Ballistics
49:28 Chemistry
49:59 Plate Barding Armor
50:53 Hand Cart
50:39 Town Patrol
DarkFace835823
14:20 Feudal Age
15:15 Double-Bit Axe
22:22 Castle Age
23:30 Bow Saw
27:43 Horse Collar
30:56 Heavy Plow
32:04 Scale Barding Armor
33:48 Padded Archer Armor
37:42 Imperial Age
37:53 Imperial Age
35:59 Chain Barding Armor
35:54 Leather Archer Armor
35:31 Fletching
37:58 Elite Ballista Elephant
40:27 Ballistics
40:02 Heated Shot
41:14 Heavy Cavalry Archer
42:23 Parthian Tactics
45:08 Chemistry
45:16 Double Crossbow
Connection lost

Rejoining the realm…

Still unreachable

The connection could not be restored.

Session expired

The server has moved on; the page needs a fresh start.